[Event "SVK-ch Open 2018"]
[Site "Banska Stiavnica"]
[Date "2018.07.10"]
[Round "4"]
[White "Antal, Jakub"]
[Black "Gajdosik, Andrej"]
[Result "1/2-1/2"]
[ECO "C50"]
[WhiteElo "1787"]
[BlackElo "1992"]
[Annotator "NA"]
[PlyCount "119"]
[EventDate "2018.07.07"]
[EventType "swiss"]
[EventCountry "SVK"]
[SourceTitle "playchess.com"]
[Source "ChessBase"]
[SourceQuality "1"]
[TimeControl "40/5400+30:1800+30"]

1. e4 e5 2. Nf3 Nc6 3. Bc4 Bc5 4. O-O Nf6 5. d3 O-O 6. Nbd2 d6 7. c3 a6 8. Bb3 h6 9. h3 Re8 10. Re1 Be6 11. Nf1 Bxb3 12. Qxb3 b5 13. Ng3 d5 14. Nf5 Qd7 15. N3h4 Kh7 16. g4 Re6 17. g5 hxg5 18. Bxg5 dxe4 19. dxe4 Qd3 20. Bxf6 Rxf6 21. Qd5 Qxd5 22. exd5 g5 23. dxc6 gxh4 24. Rxe5 Rg8+ 25. Kf1 Bb6 26. Rd1 Rg5 27. Rdd5 Bxf2 28. Kxf2 Kg6 29. Ke3 Rfxf5 30. Rxf5 Rxf5 31. Rd7 Rf6 32. Rxc7 Kf5 33. Rc8 Rd6 34. c7 Rc6 35. Kd4 Ke6 36. Re8+ Kd7 37. c8=Q+ Rxc8 38. Rxc8 Kxc8 39. Ke5 Kd7 40. Kf6 Kd6 41. Kg5 Ke5 42. Kxh4 Kf4 43. b3 f5 44. c4 bxc4 45. bxc4 Ke3 46. c5 f4 47. c6 f3 48. c7 f2 49. c8=Q f1=Q 50. Qc5+ Ke4 51. Qe7+ Kd5 52. Qd7+ Ke5 53. Qg4 Kd5 54. Kh5 Qf7+ 55. Kh6 Qf6+ 56. Kh7 Qf7+ 57. Kh8 Qf6+ 58. Qg7 Qh4+ 59. Qh7 Qf6+ 60. Qg7 1/2-1/2

[Event "SVK-ch Open 2018"]
[Site "Banska Stiavnica"]
[Date "2018.07.10"]
[Round "4"]
[White "Ucekajova, Veronika"]
[Black "Bronis, Marian"]
[Result "1/2-1/2"]
[ECO "B08"]
[WhiteElo "1757"]
[BlackElo "2101"]
[Annotator "NA"]
[PlyCount "40"]
[EventDate "2018.07.07"]
[EventType "swiss"]
[EventCountry "SVK"]
[SourceTitle "playchess.com"]
[Source "ChessBase"]
[SourceQuality "1"]
[TimeControl "40/5400+30:1800+30"]

1. e4 g6 2. d4 Bg7 3. Nf3 d6 4. Nc3 Nf6 5. Be2 Nc6 6. O-O O-O 7. h3 e5 8. dxe5 Nxe5 9. Nxe5 dxe5 10. Bg5 c6 11. Qxd8 Rxd8 12. Rad1 Be6 13. Rxd8+ Rxd8 14. Rd1 Rxd1+ 15. Bxd1 Nd7 16. a3 Bf8 17. Bg4 f5 18. exf5 gxf5 19. Be2 a5 20. Bd8 Bh6 1/2-1/2

[Event "SVK-ch Open 2018"]
[Site "Banska Stiavnica"]
[Date "2018.07.11"]
[Round "5"]
[White "Druska, Juraj"]
[Black "Aczel, Gergely"]
[Result "0-1"]
[ECO "B53"]
[WhiteElo "2439"]
[BlackElo "2543"]
[Annotator "ChessBase"]
[PlyCount "56"]
[EventDate "2018.07.07"]
[EventType "swiss"]
[EventCountry "SVK"]
[SourceTitle "playchess.com"]
[Source "ChessBase"]
[SourceQuality "1"]
[TimeControl "40/5400+30:1800+30"]

1. e4 c5 2. Nf3 d6 3. d4 cxd4 4. Qxd4 Nf6 5. Be2 Nc6 6. Qe3 g6 7. O-O Bg7 8. Rd1 O-O 9. h3 Nd7 10. c4 Qb6 11. Qxb6 axb6 12. Nbd2 Nc5 13. a3 f5 14. Rb1 fxe4 15. Ng5 Bf5 16. g4 Nd4 17. Bf1 e3 18. gxf5 e2 19. Bxe2 Nxe2+ 20. Kf1 Nxc1 21. Rdxc1 Bh6 22. Ngf3 Rxf5 23. Kg2 Raf8 24. Rf1 Nd3 25. Rbd1 Bxd2 26. Nxd2 Rxf2+ 27. Rxf2 Rxf2+ 28. Kg3 Nxb2 0-1

[Event "SVK-ch Open 2018"]
[Site "Banska Stiavnica"]
[Date "2018.07.11"]
[Round "5"]
[White "Szeberenyi, Adam"]
[Black "Lintner, Igor"]
[Result "1-0"]
[ECO "D20"]
[WhiteElo "2372"]
[BlackElo "2173"]
[Annotator "NA"]
[PlyCount "69"]
[EventDate "2018.07.07"]
[EventType "swiss"]
[EventCountry "SVK"]
[SourceTitle "playchess.com"]
[Source "ChessBase"]
[SourceQuality "1"]
[TimeControl "40/5400+30:1800+30"]

1. d4 d5 2. c4 dxc4 3. e3 Nf6 4. Bxc4 e6 5. Nf3 Nbd7 6. O-O Be7 7. Qe2 c6 8. Rd1 b5 9. Bb3 Bb7 10. a4 a6 11. e4 Qb6 $16 (11... O-O $11) 12. Nc3 O-O 13. Bg5 Rfe8 14. axb5 axb5 15. Rxa8 Bxa8 16. e5 Nd5 17. Bxe7 Nxc3 18. bxc3 Rxe7 19. Ra1 Bb7 20. Qe4 Nf8 21. Qe3 Rc7 22. Nd2 c5 23. Ne4 cxd4 24. cxd4 Bxe4 25. Qxe4 Qa5 26. Rb1 Qc3 27. h4 Ng6 28. h5 Ne7 29. d5 exd5 30. Bxd5 b4 31. e6 f5 32. Qxf5 Qd2 33. Qf7+ Kh8 34. Qf8+ Ng8 35. Qxg8+ 1-0

[Event "SVK-ch Open 2018"]
[Site "Banska Stiavnica"]
[Date "2018.07.11"]
[Round "5"]
[White "Gelle, Istvan"]
[Black "Bednar, Jan"]
[Result "1-0"]
[ECO "A45"]
[WhiteElo "2344"]
[BlackElo "2010"]
[Annotator "NA"]
[PlyCount "77"]
[EventDate "2018.07.07"]
[EventType "swiss"]
[EventCountry "SVK"]
[SourceTitle "playchess.com"]
[Source "ChessBase"]
[SourceQuality "1"]
[TimeControl "40/5400+30:1800+30"]

1. d4 Nf6 2. Bf4 g6 3. e3 Bg7 4. Nf3 O-O 5. h3 d6 6. Be2 b6 7. O-O Bb7 8. a4 a5 9. Nbd2 Nbd7 10. c3 {[%emt 0:00:50] LiveBook: 33 Games} h6 11. Bh2 e6 12. Re1 Qe7 13. Qb3 Ne4 14. Nc4 $11 f5 15. Na3 Kh7 16. Nb5 Ndf6 17. Bc4 Rae8 18. Rad1 Ng5 19. Nxg5+ hxg5 20. Bxe6 g4 21. hxg4 Nxg4 22. Bg3 Bf6 23. f3 Bh4 24. Bxh4 Qxh4 25. fxg4 fxg4 26. Re2 Rf6 27. Nxc7 Ref8 28. d5 Rf5 29. Bxf5 Rxf5 30. Rd4 Rh5 31. Rf4 Qh2+ 32. Kf1 g3 33. Ke1 Qg1+ 34. Kd2 Rh1 35. Kd3 Bc8 36. Ne6 Ba6+ 37. c4 Qb1+ 38. Qc2 Bxc4+ 39. Rxc4 1-0

[Event "SVK-ch Open 2018"]
[Site "Banska Stiavnica"]
[Date "2018.07.11"]
[Round "5"]
[White "Polyik, Peter"]
[Black "Horvath, Julia"]
[Result "1-0"]
[ECO "A46"]
[WhiteElo "2311"]
[BlackElo "2107"]
[Annotator "NA"]
[PlyCount "61"]
[EventDate "2018.07.07"]
[EventType "swiss"]
[EventCountry "SVK"]
[SourceTitle "playchess.com"]
[Source "ChessBase"]
[SourceQuality "1"]
[TimeControl "40/5400+30:1800+30"]

1. d4 Nf6 2. Nf3 d5 3. c4 g6 4. cxd5 Nxd5 5. e4 Nb6 6. a4 Bg7 7. a5 N6d7 8. Nc3 O-O 9. Be2 c5 {[%emt 0:10:41] [#]} 10. d5 $16 Ne5 11. Nxe5 Bxe5 12. Be3 f5 13. O-O fxe4 14. Nxe4 Nd7 15. Bc4 Nf6 16. d6+ e6 17. Nxf6+ Bxf6 18. Bxc5 Bd7 19. Qb3 Re8 20. Rfe1 Qc8 21. Bb4 Kf7 22. Rac1 Kg7 23. Bb5 Bc6 24. a6 Bxb5 25. Rxc8 Raxc8 26. axb7 Rb8 27. Bc3 a6 28. Bxf6+ Kxf6 29. Qc3+ Kf7 30. Qc7+ Kg8 31. Rxe6 1-0

[Event "SVK-ch Open 2018"]
[Site "Banska Stiavnica"]
[Date "2018.07.11"]
[Round "5"]
[White "Petran, Peter"]
[Black "Bakalar, Jan"]
[Result "1/2-1/2"]
[ECO "A00"]
[WhiteElo "2302"]
[BlackElo "1998"]
[Annotator "NA"]
[PlyCount "139"]
[EventDate "2018.07.07"]
[EventType "swiss"]
[EventCountry "SVK"]
[SourceTitle "playchess.com"]
[Source "ChessBase"]
[SourceQuality "1"]
[TimeControl "40/5400+30:1800+30"]

1. g3 d5 2. Bg2 e5 3. c4 dxc4 4. Qa4+ c6 5. Qxc4 Be6 6. Qa4 Nd7 7. d3 $11 Ngf6 8. Nc3 Be7 9. Nf3 h6 10. O-O O-O 11. Bd2 Nb6 12. Qc2 Nfd7 13. d4 Bf6 14. dxe5 Nxe5 15. Nxe5 Bxe5 16. Rad1 Qe7 17. e4 f6 18. b3 Rfd8 19. Ne2 Rac8 20. Be3 Rxd1 21. Rxd1 Rd8 22. Nf4 Rxd1+ 23. Qxd1 Bf7 24. Qc2 Bxf4 25. gxf4 Nc8 26. Bh3 Be6 27. Bc5 Qe8 28. f5 Bf7 29. f4 b6 30. Ba3 a5 31. Bb2 c5 32. e5 Bd5 33. Qd3 Bb7 34. exf6 Qe1+ 35. Bf1 gxf6 36. Bxf6 Nd6 37. Bc3 Qe4 38. Qxe4 Bxe4 39. f6 Bd5 40. Be5 Ne4 41. Bc7 a4 42. bxa4 Nc3 43. a3 c4 44. Bxb6 Nxa4 45. Bd4 c3 46. Be3 c2 47. Bd3 Bb3 48. Bg6 Nc3 49. Kg2 Ne2 50. Kf2 c1=Q 51. Bxc1 Nxc1 52. Ke3 Bf7 53. Bc2 Nb3 54. Ke4 Bc4 55. Ke5 Kf7 56. Bd1 Na5 57. Bh5+ Kf8 58. Kd6 Bf7 59. Bxf7 Kxf7 60. Kd5 Kxf6 61. Ke4 Nc4 62. a4 Ke6 63. f5+ Kf6 64. Kf4 h5 65. h4 Nd6 66. a5 Nxf5 67. a6 Ne7 68. a7 Nd5+ 69. Ke4 Nc7 70. Kf4 1/2-1/2

[Event "SVK-ch Open 2018"]
[Site "Banska Stiavnica"]
[Date "2018.07.11"]
[Round "5"]
[White "Stockova, Zuzana"]
[Black "Sikorova, Olga"]
[Result "0-1"]
[ECO "C07"]
[WhiteElo "2301"]
[BlackElo "2193"]
[Annotator "NA"]
[PlyCount "110"]
[EventDate "2018.07.07"]
[EventType "swiss"]
[EventCountry "SVK"]
[SourceTitle "playchess.com"]
[Source "ChessBase"]
[SourceQuality "1"]
[TimeControl "40/5400+30:1800+30"]

1. e4 e6 2. d4 d5 3. Nd2 c5 4. exd5 Qxd5 5. dxc5 Bxc5 6. Ngf3 Nf6 7. Bc4 Qc6 8. Qe2 a6 $11 {[%emt 0:02:43] LiveBook: 29 Partien} 9. O-O O-O 10. Bd3 Nbd7 11. Nb3 b6 12. Nxc5 Nxc5 13. Ne5 Qd6 14. Rd1 Nxd3 15. Rxd3 Qc7 16. Rg3 Ne8 17. Bf4 Qb7 18. Nc4 f6 19. Be3 b5 20. Nb6 Rb8 21. a4 Qc6 22. axb5 axb5 23. Nxc8 Rxc8 24. Bd4 b4 25. Qg4 e5 26. Be3 f5 27. Qxb4 f4 28. Bxf4 exf4 29. Rc3 Qe6 30. Rxc8 Qxc8 31. c4 f3 32. c5 fxg2 33. Qc4+ Kh8 34. c6 Nd6 35. Qd5 Qc7 36. Rd1 Rf6 37. Ra1 Nc8 38. Re1 Rf8 39. Re6 Qf7 40. f3 Nb6 41. Qe4 h6 42. Kxg2 Na4 43. Re7 Qf6 44. Re8 Nc5 45. Rxf8+ Qxf8 46. Qd5 Na6 47. Qa5 Qc8 48. Qb6 Nc7 49. b4 Nd5 50. Qb7 Qf5 51. Qd7 Qg5+ 52. Kf2 Qd2+ 53. Kg3 Qe1+ 54. Kh3 Qf1+ 55. Kh4 Qf2+ 0-1

[Event "SVK-ch Open 2018"]
[Site "Banska Stiavnica"]
[Date "2018.07.11"]
[Round "5"]
[White "Chmiel, Marcin"]
[Black "Brozyna, Mateusz"]
[Result "1-0"]
[ECO "C68"]
[WhiteElo "2249"]
[BlackElo "2098"]
[Annotator "NA"]
[PlyCount "61"]
[EventDate "2018.07.07"]
[EventType "swiss"]
[EventCountry "SVK"]
[SourceTitle "playchess.com"]
[Source "ChessBase"]
[SourceQuality "1"]
[TimeControl "40/5400+30:1800+30"]

1. e4 e5 2. Nf3 Nc6 3. Bb5 a6 4. Bxc6 dxc6 5. O-O {[%emt 0:00:09] LiveBook: 6320 Games} f6 6. d4 Bg4 7. c3 Qe7 8. dxe5 fxe5 9. Be3 Nf6 10. Nbd2 O-O-O 11. Qe2 h6 12. b4 g5 13. a4 Bd7 $14 14. Rfb1 g4 15. Nh4 Qe8 16. c4 Nh5 17. b5 a5 18. Nb3 Bb4 19. Bd2 Bxd2 20. Qxd2 b6 21. c5 cxb5 22. cxb6 cxb6 23. axb5 Be6 24. Qe3 Kb7 25. Nxa5+ bxa5 26. Rxa5 Ra8 27. Ra6 Qd8 28. Rxe6 Nf4 29. Rxe5 Qf6 30. Qc5 Rhc8 31. Qe7+ 1-0

[Event "SVK-ch Open 2018"]
[Site "Banska Stiavnica"]
[Date "2018.07.11"]
[Round "5"]
[White "Ruckschloss, Karol"]
[Black "Ferkova, Dominika"]
[Result "1-0"]
[ECO "A22"]
[WhiteElo "2245"]
[BlackElo "2053"]
[Annotator "NA"]
[PlyCount "63"]
[EventDate "2018.07.07"]
[EventType "swiss"]
[EventCountry "SVK"]
[SourceTitle "playchess.com"]
[Source "ChessBase"]
[SourceQuality "1"]
[TimeControl "40/5400+30:1800+30"]

1. c4 e5 2. Nc3 Nf6 3. e4 Bc5 4. d3 d6 5. h3 Nc6 6. a3 O-O 7. g4 Ne8 $11 8. Nf3 Qf6 9. Nd5 Qd8 10. b4 Bd4 11. Rb1 a6 12. a4 Be6 13. Nxd4 Nxd4 14. a5 b6 15. Bg2 bxa5 16. bxa5 Bxd5 17. exd5 f5 18. Be3 Qh4 19. Rb7 Nf6 20. Rxc7 Rab8 21. c5 Ne8 22. cxd6 Nxc7 23. dxc7 Rb2 24. Bxd4 exd4 25. O-O fxg4 26. Qxg4 Qxg4 27. hxg4 Rc2 28. d6 Kf7 29. Bd5+ Kf6 30. Re1 Rc8 31. Bc4 Rf8 32. d7 1-0

[Event "SVK-ch Open 2018"]
[Site "Banska Stiavnica"]
[Date "2018.07.11"]
[Round "5"]
[White "Seres, Bela"]
[Black "Sarkozi, Szabolcs"]
[Result "1-0"]
[ECO "C48"]
[WhiteElo "2212"]
[BlackElo "1808"]
[Annotator "NA"]
[PlyCount "57"]
[EventDate "2018.07.07"]
[EventType "swiss"]
[EventCountry "SVK"]
[SourceTitle "playchess.com"]
[Source "ChessBase"]
[SourceQuality "1"]
[TimeControl "40/5400+30:1800+30"]

1. e4 Nc6 2. Nf3 e5 3. Nc3 Nf6 4. Bb5 Bc5 5. O-O d6 6. d4 exd4 7. Nxd4 Bd7 8. Nb3 Bb6 $11 {[%emt 0:02:50] LiveBook: 6 Games} 9. Bg5 h6 10. Bh4 g5 11. Bg3 Qe7 12. Nd5 Nxd5 13. Bxc6 bxc6 14. exd5 O-O-O 15. Qd3 h5 16. a4 cxd5 17. a5 Bc5 18. Nxc5 dxc5 19. Rfe1 Be6 20. Qa6+ Kb8 21. Qb5+ Kc8 22. a6 Rdg8 23. Qb7+ Kd8 24. Qxa7 h4 25. Qb8+ Kd7 26. Qxc7+ Ke8 27. Qb8+ Kd7 28. Qb5+ Kd8 29. a7 1-0

[Event "SVK-ch Open 2018"]
[Site "Banska Stiavnica"]
[Date "2018.07.11"]
[Round "5"]
[White "Kanakova, Natalie"]
[Black "Panko, Radoslav"]
[Result "1-0"]
[ECO "A04"]
[WhiteElo "2206"]
[BlackElo "2049"]
[Annotator "NA"]
[PlyCount "109"]
[EventDate "2018.07.07"]
[EventType "swiss"]
[EventCountry "SVK"]
[SourceTitle "playchess.com"]
[Source "ChessBase"]
[SourceQuality "1"]
[TimeControl "40/5400+30:1800+30"]

1. Nf3 e6 2. c4 Nf6 3. e3 d5 4. b3 Nbd7 5. Bb2 b6 6. Nc3 Bb7 7. Qc2 a6 8. Be2 Bd6 9. O-O O-O $11 10. Rac1 Ne4 11. cxd5 exd5 12. Nxe4 dxe4 13. Qc3 Qf6 14. Qxf6 Nxf6 15. Ne5 Rfe8 16. Nc6 Nd5 17. a3 Ne7 18. Ne5 b5 19. f3 Ng6 20. Nc6 Ne7 21. Na5 Bd5 22. fxe4 Bxe4 23. d3 Bg6 24. Nb7 Rac8 25. e4 f6 26. Bg4 Rb8 27. Nxd6 cxd6 28. Rc7 Bf7 29. b4 f5 30. Bxf5 Nxf5 31. Rxf5 Rf8 32. Rc6 d5 33. exd5 Bg6 34. Rg5 Rbc8 35. h4 Rxc6 36. dxc6 Rc8 37. h5 Bxd3 38. Rxg7+ Kf8 39. c7 Re8 40. Rd7 Bf5 41. Rd6 Bc8 42. Rd8 Kf7 43. Kf2 Bb7 44. Bd4 Rg8 45. g3 Re8 46. Bc5 Bc8 47. Kf3 Rg8 48. Kf4 Re8 49. g4 Rg8 50. g5 Be6 51. Rxg8 Kxg8 52. Ke5 Bg4 53. Kf6 Bc8 54. Ke7 Bg4 55. Kd8 1-0

[Event "SVK-ch Open 2018"]
[Site "Banska Stiavnica"]
[Date "2018.07.11"]
[Round "5"]
[White "Bombek, Peter"]
[Black "Mandak, Miroslav"]
[Result "1-0"]
[ECO "D60"]
[WhiteElo "2201"]
[BlackElo "1989"]
[Annotator "NA"]
[PlyCount "87"]
[EventDate "2018.07.07"]
[EventType "swiss"]
[EventCountry "SVK"]
[SourceTitle "playchess.com"]
[Source "ChessBase"]
[SourceQuality "1"]
[TimeControl "40/5400+30:1800+30"]

1. d4 Nf6 2. Nf3 d5 3. c4 e6 4. Nc3 Nbd7 5. Bg5 Be7 {[%emt 0:01:28] LiveBook: 1253 Games} 6. e3 O-O 7. Be2 dxc4 8. Bxc4 Nb6 9. Be2 Nfd5 10. Bxe7 Qxe7 11. O-O c6 12. Qd2 Bd7 13. e4 Nc7 $16 14. Rfd1 Rfd8 15. Rac1 Be8 16. Qc2 f6 17. a4 Bf7 18. a5 Nd7 19. Na4 a6 20. Qc3 Rab8 21. h3 Ne8 22. b4 Nd6 23. Nc5 Nb5 24. Bxb5 cxb5 25. Nxd7 Qxd7 26. e5 Rbc8 27. Qe3 f5 28. Rxc8 Rxc8 29. Rc1 Bh5 30. Rxc8+ Qxc8 31. d5 Bxf3 32. Qxf3 Qc1+ 33. Kh2 Qe1 34. Qf4 exd5 35. Qxf5 Qxb4 36. Qe6+ Kf8 37. Qc8+ Ke7 38. Qxb7+ Ke6 39. Qxa6+ Kxe5 40. Qa7 Kf6 41. Qb6+ Kf5 42. a6 Qa4 43. a7 h5 44. Qb8 1-0

[Event "SVK-ch Open 2018"]
[Site "Banska Stiavnica"]
[Date "2018.07.11"]
[Round "5"]
[White "Kostolansky, Sebastian Lukas"]
[Black "Talla, Vladimir"]
[Result "1/2-1/2"]
[ECO "C77"]
[WhiteElo "2197"]
[BlackElo "2402"]
[Annotator "ChessBase"]
[PlyCount "22"]
[EventDate "2018.07.07"]
[EventType "swiss"]
[EventCountry "SVK"]
[SourceTitle "playchess.com"]
[Source "ChessBase"]
[SourceQuality "1"]
[TimeControl "40/5400+30:1800+30"]

1. e4 e5 2. Nf3 Nc6 3. Bb5 a6 4. Ba4 Nf6 5. d3 d6 6. c3 g6 7. O-O Bg7 8. Re1 O-O 9. h3 b5 10. Bc2 d5 11. Bg5 h6 1/2-1/2

[Event "SVK-ch Open 2018"]
[Site "Banska Stiavnica"]
[Date "2018.07.11"]
[Round "5"]
[White "Jozefek, Michal"]
[Black "Zatko, Gregor"]
[Result "1-0"]
[ECO "A33"]
[WhiteElo "2182"]
[BlackElo "2144"]
[Annotator "NA"]
[PlyCount "85"]
[EventDate "2018.07.07"]
[EventType "swiss"]
[EventCountry "SVK"]
[SourceTitle "playchess.com"]
[Source "ChessBase"]
[SourceQuality "1"]
[TimeControl "40/5400+30:1800+30"]

1. Nf3 c5 2. c4 Nf6 3. Nc3 Nc6 4. d4 cxd4 5. Nxd4 e6 6. Ndb5 Bb4 $11 {[%emt 0:03:35] LiveBook: 110 Games} 7. Nd6+ Ke7 8. Bf4 Nh5 9. Bg5+ f6 10. Nxc8+ Rxc8 11. Bd2 g6 12. e4 Qb6 13. Be2 Ne5 14. Qb3 Bc5 15. O-O Qc7 16. Rad1 Nc6 17. Nb5 Qe5 18. Qd3 Rhd8 19. Bc3 Qg5 20. Bxh5 Qxh5 21. a3 a5 22. Kh1 Ne5 23. Bxe5 Qxe5 24. f4 Qh5 25. Rf3 Qh6 26. Qd2 d6 27. b4 axb4 28. axb4 Bb6 29. Rh3 Qg7 30. Nxd6 Rxc4 31. Nxc4 Rxd2 32. Rxd2 Bc7 33. Rhd3 Ke8 34. Nd6+ Bxd6 35. Rxd6 Qe7 36. g3 g5 37. Kg2 gxf4 38. gxf4 Qg7+ 39. Kf3 Qh6 40. Rd8+ Kf7 41. R2d7+ Kg6 42. Rg8+ Kh5 43. Rgg7 1-0

[Event "SVK-ch Open 2018"]
[Site "Banska Stiavnica"]
[Date "2018.07.11"]
[Round "5"]
[White "Macko, Michal"]
[Black "Jablonicky, Martin"]
[Result "1-0"]
[ECO "A10"]
[WhiteElo "2158"]
[BlackElo "2356"]
[Annotator "NA"]
[PlyCount "77"]
[EventDate "2018.07.07"]
[EventType "swiss"]
[EventCountry "SVK"]
[SourceTitle "playchess.com"]
[Source "ChessBase"]
[SourceQuality "1"]
[TimeControl "40/5400+30:1800+30"]

1. c4 g6 2. g3 Bg7 3. Bg2 Nf6 4. Nc3 O-O 5. e4 d6 6. Nge2 c5 {[%emt 0:00:23] LiveBook: 718 Games} 7. O-O Nc6 8. d3 a6 9. a4 Ne8 10. Be3 Nc7 11. d4 cxd4 12. Nxd4 Ne6 13. Nde2 Nc5 14. Rb1 Nb4 15. b3 Rb8 $14 16. Qd2 Bd7 17. Rfd1 Qc8 18. a5 b6 19. axb6 Rxb6 20. Bd4 Bxd4 21. Nxd4 Qb8 22. h3 Re8 23. Nf3 Nc6 24. Qh6 f6 25. e5 Nxe5 26. Nxe5 fxe5 27. Ne4 Nxe4 28. Bxe4 Bf5 29. Bxf5 gxf5 30. Qg5+ Kh8 31. Qxf5 Rxb3 32. c5 Rxb1 33. Rxb1 Qc8 34. Qf7 Rf8 35. Qxe7 Qf5 36. Rb2 d5 37. c6 d4 38. Qxf8+ Qxf8 39. c7 1-0

[Event "SVK-ch Open 2018"]
[Site "Banska Stiavnica"]
[Date "2018.07.11"]
[Round "5"]
[White "Cech, Dominik"]
[Black "Urhegyi, Marton"]
[Result "0-1"]
[ECO "C00"]
[WhiteElo "2151"]
[BlackElo "2303"]
[Annotator "NA"]
[PlyCount "82"]
[EventDate "2018.07.07"]
[EventType "swiss"]
[EventCountry "SVK"]
[SourceTitle "playchess.com"]
[Source "ChessBase"]
[SourceQuality "1"]
[TimeControl "40/5400+30:1800+30"]

1. e4 e6 2. d3 d5 3. Nd2 Nf6 4. Ngf3 b6 5. c3 Bb7 6. Qa4+ Nfd7 7. e5 c5 $11 8. Qg4 Nc6 9. Qa4 Qc7 10. d4 cxd4 11. cxd4 Nb4 12. Kd1 Be7 13. a3 Nc6 14. Bd3 a6 15. Qc2 b5 16. Bxh7 Qb6 17. Nb3 a5 18. Be3 Rc8 19. Rc1 a4 20. Nbd2 b4 21. Bd3 Qa5 22. axb4 Nxb4 23. Qb1 Rxc1+ 24. Kxc1 a3 25. Nb3 a2 26. Nxa5 Nxd3+ 27. Kd2 axb1=Q 28. Rxb1 Bb4+ 29. Kxd3 Bxa5 30. b4 Bb6 31. h4 O-O 32. g4 Ra8 33. h5 Bd8 34. h6 Ra3+ 35. Ke2 Ra2+ 36. Nd2 Nb6 37. hxg7 Nc4 38. f4 Ba6 39. b5 Na3 40. bxa6 Nxb1 41. a7 Nxd2 0-1

[Event "SVK-ch Open 2018"]
[Site "Banska Stiavnica"]
[Date "2018.07.11"]
[Round "5"]
[White "Demeter, Peter"]
[Black "Sarkozy, Ladislav"]
[Result "1/2-1/2"]
[ECO "A34"]
[WhiteElo "2146"]
[BlackElo "2247"]
[Annotator "NA"]
[PlyCount "34"]
[EventDate "2018.07.07"]
[EventType "swiss"]
[EventCountry "SVK"]
[SourceTitle "playchess.com"]
[Source "ChessBase"]
[SourceQuality "1"]
[TimeControl "40/5400+30:1800+30"]

1. c4 c5 2. g3 Nf6 3. Bg2 d5 4. cxd5 Nxd5 5. Nc3 Nc7 6. Nf3 Nc6 7. O-O e5 8. b3 Be7 9. Bb2 {[%emt 0:00:07] LiveBook: 55 Games} O-O 10. Rc1 f6 11. Na4 Na6 12. Ne1 $11 Bd7 13. a3 Rc8 14. Nd3 b6 15. f4 Bd6 16. fxe5 fxe5 17. Rxf8+ Qxf8 1/2-1/2

[Event "SVK-ch Open 2018"]
[Site "Banska Stiavnica"]
[Date "2018.07.11"]
[Round "5"]
[White "Hrbek, Stepan"]
[Black "Vojtek, Vladimir"]
[Result "1/2-1/2"]
[ECO "A06"]
[WhiteElo "2129"]
[BlackElo "2310"]
[Annotator "NA"]
[PlyCount "100"]
[EventDate "2018.07.07"]
[EventType "swiss"]
[EventCountry "SVK"]
[SourceTitle "playchess.com"]
[Source "ChessBase"]
[SourceQuality "1"]
[TimeControl "40/5400+30:1800+30"]

1. Nf3 d5 2. e3 Nf6 3. c4 e6 4. b3 c5 5. Bb2 Nc6 6. cxd5 exd5 7. Be2 Bd6 $11 {[%emt 0:13:23] LiveBook: 44 Games} 8. O-O O-O 9. d4 b6 10. Nc3 Bb7 11. dxc5 bxc5 12. Rc1 Re8 13. Nb5 Bf8 14. Bxf6 gxf6 15. Nh4 a6 16. Na3 Ne5 17. Bg4 Qa5 18. Nc2 Qxa2 19. b4 Qc4 20. Nd4 Qxb4 21. Rb1 Qa5 22. Rxb7 cxd4 23. exd4 Ng6 24. Qf3 Re7 25. Rxe7 Bxe7 26. Nf5 Bf8 27. h4 Rd8 28. h5 Ne7 29. Ng3 Qb6 30. Re1 Qxd4 31. h6 Ng6 32. Nh5 Bxh6 33. Nxf6+ Kh8 34. Qf5 Qf4 35. Ra1 Qxf5 36. Bxf5 Rd6 37. Ne8 Rb6 38. Nc7 Ne7 39. Bd3 Rb3 40. Bf1 Kg7 41. Rxa6 Bg5 42. Nxd5 Rb2 43. Nxe7 Bxe7 44. Rc6 Bd8 45. Rc3 h5 46. g3 h4 47. Kg2 Bb6 48. Rf3 Rxf2+ 49. Rxf2 Bxf2 50. Kxf2 hxg3+ 1/2-1/2

[Event "SVK-ch Open 2018"]
[Site "Banska Stiavnica"]
[Date "2018.07.11"]
[Round "5"]
[White "Bronis, Marian"]
[Black "Chrenko, Kristian"]
[Result "1-0"]
[ECO "D11"]
[WhiteElo "2101"]
[BlackElo "1992"]
[Annotator "NA"]
[PlyCount "47"]
[EventDate "2018.07.07"]
[EventType "swiss"]
[EventCountry "SVK"]
[SourceTitle "playchess.com"]
[Source "ChessBase"]
[SourceQuality "1"]
[TimeControl "40/5400+30:1800+30"]

1. d4 d5 2. Nf3 Nf6 3. c4 c6 4. e3 a6 5. Bd3 Bg4 6. O-O Nbd7 7. Nbd2 e6 8. b3 Be7 9. Bb2 O-O 10. Qc2 Bxf3 11. Nxf3 g6 12. Qe2 Ne4 13. Ne1 Bd6 14. f4 f5 15. g4 Kf7 16. Nf3 Be7 17. Kh1 Rg8 18. Bxe4 dxe4 19. Ne5+ Nxe5 20. fxe5 Bg5 21. Rad1 Qa5 22. gxf5 gxf5 23. d5 cxd5 24. cxd5 1-0

[Event "SVK-ch Open 2018"]
[Site "Banska Stiavnica"]
[Date "2018.07.11"]
[Round "5"]
[White "Balogh, Peter"]
[Black "Sosovicka, Jakub"]
[Result "1-0"]
[ECO "B93"]
[WhiteElo "2097"]
[BlackElo "2078"]
[Annotator "NA"]
[PlyCount "85"]
[EventDate "2018.07.07"]
[EventType "swiss"]
[EventCountry "SVK"]
[SourceTitle "playchess.com"]
[Source "ChessBase"]
[SourceQuality "1"]
[TimeControl "40/5400+30:1800+30"]

1. e4 c5 2. Nf3 d6 3. d4 cxd4 4. Nxd4 Nf6 5. Nc3 a6 6. f4 e5 7. Nf3 Nbd7 8. a4 Be7 9. Bd3 O-O 10. O-O exf4 11. Bxf4 Qb6+ 12. Kh1 Qxb2 13. Nd5 Nxd5 14. exd5 Nf6 15. c4 Qb6 16. Qc2 Bg4 17. Rab1 Qc7 18. Nd4 Rac8 19. Qf2 Rfe8 20. Qg3 Kh8 21. Bg5 Bh5 22. Qh4 Bg6 23. Ne6 Bxd3 24. Nxc7 Rxc7 25. Rfe1 Rxc4 26. Qxc4 Bxc4 27. Bxf6 gxf6 28. Rxb7 Bxd5 29. Rbxe7 Rxe7 30. Rxe7 Bc6 31. Rxf7 Bxa4 32. Rxf6 d5 33. Rxa6 Bc2 34. Kg1 Be4 35. Kf2 Kg7 36. g3 h5 37. h4 Kh7 38. Ke3 Kg7 39. Kf4 Bg2 40. Kg5 Bf3 41. Ra7+ Kg8 42. Ra3 Be2 43. Re3 1-0

[Event "SVK-ch Open 2018"]
[Site "Banska Stiavnica"]
[Date "2018.07.11"]
[Round "5"]
[White "Bochnicka, Vladimir"]
[Black "Weis, Dusan"]
[Result "1-0"]
[ECO "C54"]
[WhiteElo "2092"]
[BlackElo "1818"]
[Annotator "NA"]
[PlyCount "53"]
[EventDate "2018.07.07"]
[EventType "swiss"]
[EventCountry "SVK"]
[SourceTitle "playchess.com"]
[Source "ChessBase"]
[SourceQuality "1"]
[TimeControl "40/5400+30:1800+30"]

1. e4 e5 2. Nf3 Nc6 3. Bc4 Bc5 4. c3 Nf6 5. d3 h6 6. Nbd2 d6 7. Nf1 O-O 8. Ng3 Ne7 9. O-O Be6 10. Bb3 c6 11. Bc2 Qd7 12. d4 exd4 13. cxd4 Bb6 14. a3 Bg4 15. Be3 Qc7 16. h3 Be6 17. Rc1 Kh8 18. Qd2 Nfg8 19. Rfe1 Rad8 20. Nh4 d5 21. e5 f5 22. exf6 Nxf6 23. Bxh6 Bf7 24. Bxg7+ Kxg7 25. Qg5+ Ng6 26. Ngf5+ Kh7 27. Qh6+ 1-0